 Dungeon Crawl Stone Soup version 0.30-a0-122-g2a1322497e (webtiles) character file.

Game seed: 18365859022439302011

15082 Majang the Thaumaturge (level 11, -3/49 HPs)
             Began as a Felid Ice Elementalist on Sept 15, 2022.
             Was a Priest of Vehumet.
             Slain by a dream sheep (20 damage)
             ... on level 3 of the Lair of Beasts on Sept 16, 2022.
             The game lasted 01:32:10 (18400 turns).

Majang the Thaumaturge (Felid Ice Elementalist)    Turns: 18400, Time: 01:32:11

Health: -3/49      AC: 11    Str:  4    XL:     11   Next: 97%
Magic:  26/34      EV:  4    Int: 21    God:    Vehumet [***...]
Gold:   72         SH:  0    Dex: 23    Spells: 8/29 levels left
                                        Lives:  0   Deaths: 3

rFire   x . .      SeeInvis +      - Unarmed
rCold   + . .      Faith    .    (shield unavailable)
rNeg    . . .      Spirit   .    (body armour unavailable)
rPois   .          Reflect  .    (helmet unavailable)
rElec   .          Harm     .    (cloak unavailable)
rCorr   .          Rampage  .    (gloves unavailable)
Will    ++...                    (boots unavailable)
Stlth   +++.......               (no amulet)
HPRegen 0.16/turn                p - ring of ice
MPRegen 0.24/turn                y - ring of Rahiak {Drain Will+ MP+9 Dex+6 SInv}

@: ice-armoured, sleeping, freezing walls, quick
A: very small, claws 1, fangs 3, see invisible, speed 1, shaggy fur 2, stealthy
paws, no weapons or thrown items, no armour, multi-lived
a: Renounce Religion


You were on level 3 of the Lair of Beasts.
You worshipped Vehumet.
Vehumet was most pleased with you.
You visited 3 branches of the dungeon, and saw 13 of its levels.
You also visited: Bailey.

You collected 705 gold pieces.
You spent 633 gold pieces at shops.

Inventory:

Jewellery
 p - a ring of ice (left paw)
 t - a ring of protection from fire
 u - a ring of magical power
 y - the ring of Rahiak (right paw) {Drain Will+ MP+9 Dex+6 SInv}
   (You bought it in a shop on level 9 of the Dungeon)

   [ring of magical power]

   Dex:       It affects your dexterity (+6).
   MP:        It affects your magic capacity (+9).
   SInv:      It lets you see invisible.
   Drain:     It drains your maximum health when unequipped.
   Will:      It increases your willpower.
Wands
 g - a wand of flame (4)
 n - a wand of charming (11)
 o - a wand of polymorph (2)
 v - a wand of acid (4)
 x - a wand of iceblast (7)
Scrolls
 b - a scroll of blinking
 c - 3 scrolls of immolation
 e - 4 scrolls of teleportation
 l - 2 scrolls of amnesia
 A - a scroll of poison
Potions
 a - 3 potions of magic
 f - 3 potions of ambrosia
 h - a potion of brilliance
 i - 4 potions of curing
 k - a potion of flight
 m - 2 potions of lignification
 q - a potion of haste
 w - a potion of berserk rage {unknown}


   Skills:
 + Level 6.6 Fighting
 + Level 9.2 Dodging
 - Level 5.1 Stealth
 - Level 6.0 Unarmed Combat
 * Level 9.7 Spellcasting
 + Level 5.9 Conjurations
 + Level 8.3 Ice Magic
 + Level 8.0 Earth Magic
 - Level 1.2 Evocations


You had 8 spell levels left.
You knew the following spells:

 Your Spells              Type           Power      Damage    Failure   Level
a - Ozocubu's Armour      Ice            61%        N/A       1%          3
b - Sandblast             Erth           88%        2d18      1%          1
c - Stone Arrow           Conj/Erth      78%        3d11      1%          3
f - Freeze                Ice            100%       1d11      1%          1
h - Hailstorm             Conj/Ice       57%        3d12      1%          4
i - Iron Shot             Conj/Erth      19%        9d4       16%         6
r - Frozen Ramparts       Ice            100%       1d16      1%          3

Your spell library contained the following spells:

 Spells                   Type           Power      Damage    Failure   Level
 Dazzling Flash           Conj/Hex       44%        N/A       1%          3
 Foxfire                  Conj/Fire      88%        2x1d8     1%          1
 Passwall                 Tmut/Erth      22%        N/A       1%          2
 Inner Flame              Hex/Fire       10%        N/A       5%          3
 Kindle Blastsparks       Fire/Tloc/Air  20%        2d11      5%          3
 Flame Wave               Conj/Fire      22%        2d8       5%          4
 Necrotise                Necr           40%        1d6       7%          1
 Lightning Bolt           Conj/Air       11%        1d24      14%         5
 Airstrike                Air            5%         2d(1-17)  17%         4
 Vampiric Draining        Necr           10%        2d6       21%         3
 Summon Lightning Spire   Summ/Air       10%        N/A       54%         4
 Agony                    Necr           10%        N/A       88%         5
 Blade Hands              Tmut           5%         N/A       88%         5
 Animate Armour           Summ/Erth      Unusable   N/A       N/A         4

Dungeon Overview and Level Annotations

Branches:
Dungeon (9/15)             Temple (1/1) D:7            Lair (3/5) D:9
  Swamp (0/4) Lair:2       Bailey (visited)
  Snake: Lair:2-3    Spider: Lair:2-3       Orc: D:9-12

Altars:
Ashenzari
Fedhas
Gozag
Hepliaklqana
Nemelex Xobeh
Okawaru
Ru
Sif Muna
Uskayaw
Vehumet
Wu Jian
Yredelemnul

Shops:
D:1 *   D:7 =:(   D:9 *


Innate Abilities, Weirdness & Mutations

You have sharp claws.
You have razor-sharp teeth.
You have supernaturally acute eyesight. (SInv)
You cover ground quickly. (Speed+)
You are covered in thick fur. (AC +2)
Your paws help you pounce on unaware monsters.
You are incapable of wielding weapons or throwing items.
You cannot wear armour.
You gain extra lives every three experience levels.


Message History

Confirm with . or Enter, or press ? or * to list all spells.
You feel a surge of power! A film of ice covers your body!
The dream sheep closely misses you.
The wall freezes the dream sheep but does no damage.
The wall freezes the dream sheep!
You kill the dream sheep!
Vehumet accepts your kill.
You feel your power returning.
The wall freezes the dream sheep but does no damage.
The dream sheep bites you.
Unknown command.
Casting: Ozocubu's Armour (safe; 1% risk of failure)
Confirm with . or Enter, or press ? or * to list all spells.
Aiming: Stone Arrow (safe; 1% risk of failure)
Press: ? - help, Shift-Dir - straight line, f - dream sheep
Aim: a dream sheep (74% to hit)
The stone arrow hits the dream sheep!
The dream sheep is heavily wounded.
The dream sheep bleats!
The wall freezes the dream sheep.
The dream sheep closely misses you.
The wall freezes the dream sheep but does no damage.
The dream sheep bites you!
Casting: Stone Arrow (safe; 1% risk of failure)
Confirm with . or Enter, or press ? or * to list all spells.
Aiming: Stone Arrow (safe; 1% risk of failure)
Press: ? - help, Shift-Dir - straight line, f/p - dream sheep
Aim: a dream sheep (heavily wounded, 74% to hit)
The stone arrow hits the dream sheep!!
You kill the dream sheep!
Vehumet accepts your kill.
You feel your power returning.
The wall freezes the dream sheep!
The dream sheep bites you!
The wall freezes the dream sheep!
The dream sheep shake their wool and sparkle.
You feel drowsy...
You fall asleep.
The wall freezes the dream sheep! x2
You kill the dream sheep!
Vehumet accepts your kill.
The wall freezes the dream sheep!
The wall freezes the dream sheep.
The wall freezes the dream sheep.
The dream sheep bites you!!
You die...

... #...
#..##..##
.#.#...# ##
..#...##.#
........##
Y........ .
#†Y....#
#..###@Y.#
.......#..#
.##.....<(#
................
................
....P..........P
....PP........P.
..#......#...!P.
[............P.


You could see 3 dream sheep.

Vanquished Creatures
  Harold (D:9)
  Erica (D:9)
  A catoblepas (Lair:2)
  Amaemon (D:9)
  3 black mambas
  7 cane toads
  Maggie (D:7)
  4 elephants (Lair:2)
  An orange demon (D:9)
  A komodo dragon (Lair:1)
  2 polar bears (Lair:1)
  Prince Ribbit (D:5)
  A blink frog (Bailey)
  3 dream sheep (Lair:3)
  16 yaks
  A wraith (D:7)
  4 humans (Bailey)
  A wyvern (Lair:2)
  Eustachio (D:6)
  A basilisk (Lair:1)
  A steam dragon (D:6)
  5 water moccasins
  An acid dragon (D:8)
  Pargi (D:3)
  A sky beast (D:8)
  2 ogres
  4 orc warriors
  4 ice beasts
  14 wolves (Lair:1)
  3 centaurs
  2 phantoms
  15 bullfrogs
  A gnoll sergeant (D:8)
  A scorpion (D:6)
  4 necrophages
  4 wights (D:8)
  5 killer bees (D:9)
  An electric eel (Lair:2)
  2 howler monkeys
  A centaur zombie (D:7)
  A wyvern simulacrum (D:7)
  A gnoll bouda (D:8)
  A hound (D:5)
  2 jellies
  5 orc priests
  Crazy Yiuf (D:7)
  3 orc wizards
  Ijyb (D:3)
  2 iguanas
  A spectral howler monkey (D:7)
  A howler monkey zombie (D:7)
  17 gnolls
  6 adders
  3 white imps
  4 ufetubi
  A worm (D:2)
  2 dart slugs
  28 orcs
  9 ball pythons
  5 bats
  8 endoplasms
  2 giant cockroaches
  6 goblins
  13 hobgoblins
  9 jackals
  3 quokkas
  4 frilled lizards
  13 kobolds
  5 rats
281 creatures vanquished.

Vanquished Creatures (collateral kills)
  Gastronok (D:9)
  A yak (D:9)
2 creatures vanquished.

Vanquished Creatures (others)
  A cane toad (Lair:2)
  10 fungi
  8 plants
  20 withered plants (D:7)
39 creatures vanquished.

Grand Total: 322 creatures vanquished

Notes
Turn   | Place    | Note
-------+----------+-------------------------------------------
     0 | D:1      | Majang the Felid Ice Elementalist began the quest for the
                  | Orb.
     0 | D:1      | Reached XP level 1. HP: 7/7 MP: 4/4
   239 | D:1      | Reached XP level 2. HP: 10/11 MP: 1/6
   891 | D:1      | Found Satiew's General Store.
   901 | D:1      | Reached XP level 3. HP: 14/14 MP: 4/7
  1510 | D:2      | Learned a level 3 spell: Frozen Ramparts
  1514 | D:2      | Learned a level 3 spell: Ozocubu's Armour
  2557 | D:3      | Noticed an ogre
  2572 | D:3      | Killed an ogre
  2573 | D:3      | Reached XP level 4. HP: 18/18 MP: 0/10
  2573 | D:3      | Reached XP level 5. HP: 21/21 MP: 0/11
  3030 | D:3      | Reached skill level 5 in Ice Magic
  3258 | D:3      | Found an iron altar of Okawaru.
  3269 | D:3      | Noticed Pargi
  3285 | D:3      | Killed Pargi
  3286 | D:3      | Gained mutation: You are covered in thick fur. (AC +2)
                  | [Felid growth]
  3286 | D:3      | Reached XP level 6. HP: 24/25 MP: 3/13
  3291 | D:3      | Learned a level 4 spell: Hailstorm
  3430 | D:3      | Found a sparkling altar of Nemelex Xobeh.
  3430 | D:3      | Found an opulent altar of Gozag.
  3435 | D:3      | Found a broken altar of Ashenzari.
  3744 | D:3      | Found a shimmering blue altar of Sif Muna.
  3772 | D:3      | Noticed Ijyb
  3790 | D:3      | Killed Ijyb
  4308 | D:4      | Reached skill level 1 in Unarmed Combat
  4798 | D:5      | Entered Level 5 of the Dungeon
  4798 | D:5      | Noticed an ice beast
  4846 | D:5      | Reached skill level 1 in Fighting
  5362 | D:5      | Reached XP level 7. HP: 28/28 MP: 5/14
  6585 | D:5      | Learned a level 1 spell: Sandblast
  6589 | D:5      | Learned a level 3 spell: Stone Arrow
  6619 | D:5      | Noticed Prince Ribbit
  6629 | D:5      | Killed Prince Ribbit
  6630 | D:5      | Reached skill level 1 in Conjurations
  6630 | D:5      | Reached skill level 1 in Evocations
  7100 | D:6      | Reached skill level 1 in Earth Magic
  7208 | D:6      | Reached skill level 5 in Spellcasting
  7208 | D:6      | Reached XP level 8. HP: 33/33 MP: 6/16
  8106 | D:6      | Noticed Eustachio
  8119 | D:6      | Killed Eustachio
  8120 | D:6      | Reached skill level 5 in Stealth
  8390 | D:6      | Killed from afar by a steam dragon
  8391 | D:6      | Reached XP level 7. HP: -7/30 MP: 9/16
  8438 | D:6      | Found a hazy altar of Hepliaklqana.
  8576 | D:6      | Killed a steam dragon
  8577 | D:6      | Reached skill level 5 in Dodging
  8577 | D:6      | Reached XP level 8. HP: 33/34 MP: 8/17
  8863 | D:6      | Killed from afar by a white imp
  8864 | D:6      | Reached XP level 7. HP: -1/30 MP: 6/16
  9603 | D:7      | Found a staircase to the Ecumenical Temple.
  9608 | Temple   | Entered the Ecumenical Temple
  9664 | Temple   | Became a worshipper of Vehumet
  9711 | D:7      | Noticed Maggie
  9836 | D:7      | Found Onitih's Jewellery Shop.
  9856 | D:7      | Found Sennos's Book Shop.
  9901 | D:7      | Found Syubbuwk's Antique Weapon Boutique.
  9933 | D:7      | Reached XP level 8. HP: 29/34 MP: 4/18
 10006 | D:7      | Found a flagged portal.
 10014 | Bailey   | Entered a bailey
 10342 | Bailey   | Reached * piety under Vehumet
 10342 | Bailey   | Offered knowledge of Magic Dart by Vehumet.
 10474 | Bailey   | Noticed a blink frog
 10484 | Bailey   | Killed a blink frog
 10485 | Bailey   | Reached XP level 9. HP: 23/39 MP: 10/20
 10487 | Bailey   | Noticed a vault guard
 11189 | D:7      | Found a sacrificial altar of Ru.
 11304 | D:7      | Killed Maggie
 11609 | D:7      | Found a hide-covered altar of Uskayaw.
 11952 | D:7      | Reached skill level 5 in Earth Magic
 12109 | D:7      | Found the +4 dagger "Morg" {pain, Will+ Int+5}
 12203 | D:7      | Found a runed translucent door.
 12204 | D:7      | Noticed Crazy Yiuf
 12273 | D:7      | Killed Crazy Yiuf
 12332 | D:7      | Identified the +11 hammer of Domination {flame, Contam rC+
                  | Str+4 Int+4}
 12847 | D:8      | Offered knowledge of Static Discharge by Vehumet.
 12848 | D:8      | Reached XP level 10. HP: 43/43 MP: 15/22
 12921 | D:8      | Reached ** piety under Vehumet
 13720 | D:9      | Noticed Amaemon
 13720 | D:9      | Noticed an orange demon
 13736 | D:9      | Killed an orange demon
 13736 | D:9      | Killed Amaemon
 13737 | D:9      | Reached skill level 5 in Unarmed Combat
 14189 | D:9      | Noticed Harold
 14199 | D:9      | Slain by Harold
 14200 | D:9      | Reached XP level 9. HP: -5/40 MP: 15/21
 14232 | D:9      | Killed Harold
 14233 | D:9      | Reached skill level 5 in Fighting
 14384 | D:9      | Found a staircase to the Lair.
 14462 | D:9      | Noticed Erica
 14463 | D:9      | Reached XP level 10. HP: 37/44 MP: 11/23
 14729 | D:9      | Found Larchang's Assorted Antiques.
 14732 | D:9      | Bought a flickering brass ring for 165 gold pieces
 14732 | D:9      | Identified the ring of Rahiak {Drain Will+ MP+9 Dex+6 SInv}
                  | (You bought it in a shop on level 9 of the Dungeon)
 14780 | D:9      | Noticed Gastronok
 14795 | D:9      | Offered knowledge of Ignite Poison by Vehumet.
 14801 | D:9      | Killed Gastronok
 15104 | D:9      | Killed Erica
 15105 | D:9      | Reached skill level 5 in Conjurations
 15251 | Lair:1   | Entered Level 1 of the Lair of Beasts
 15310 | Lair:1   | Noticed a black mamba
 15311 | Lair:1   | Noticed a black mamba
 15311 | Lair:1   | Noticed a cane toad
 15319 | Lair:1   | Killed a cane toad
 15320 | Lair:1   | Killed a black mamba
 15320 | Lair:1   | Killed a black mamba
 15321 | Lair:1   | Reached XP level 11. HP: 29/48 MP: 24/24
 15670 | Lair:1   | Reached *** piety under Vehumet
 15871 | Lair:1   | Offered knowledge of Dazzling Flash by Vehumet.
 17092 | D:7      | Bought a book of Iron for 468 gold pieces
 17099 | D:7      | Learned a level 6 spell: Iron Shot
 17230 | Lair:2   | Found a staircase to the Swamp.
 17569 | Lair:2   | Noticed a catoblepas
 17578 | Lair:2   | Killed a catoblepas
 18400 | Lair:3   | Slain by a dream sheep

Illustrated notes

Levels and vault maps discovered:
D:1:      spicycebolla_arrival_ecumenical, layout_basic, serial_shops,
          shop_statue, chequers_serial_rivers_micro_c, minmay_misc_feat_encased
D:2:      layout_loops_ring
D:3:      layout_basic, okawaru_altar_gauntlet_db, mainiacjoe_overflow_catwalk,
          minitemple, uniq_pargi, uniq_ijyb
D:4:      layout_loops_ring
D:5:      layout_gridville, uniq_prince_ribbit1
D:6:      layout_layer_cave, overflow_temple_1_default, uniq_eustachio
D:7:      layout_basic, nicolae_uskayaw_murder_on_the_dancefloor,
          nicolae_ru_sacrificial_ziggurat, minmay_temple_entry_grid,
          serial_shops, nicolae_square_shop, shop, kennysheep_little_box,
          enter_bailey_6, kennysheep_doodads, dilly_guarded_unrand_morg,
          uniq_crazy_yiuf_cottage, uniq_maggie
D:8:      layout_loops_ring
D:9:      layout_loops_ring, lair_entry_dummy, serial_shops,
          nicolae_shop_behind_doors, uniq_gastronok, uniq_amaemon, uniq_erica,
          uniq_harold
Temple:   minmay_temple_curvy_branch
Lair:1:   layout_concentric_octagons
Lair:2:   dreamdust_cave_troll, layout_misc_corridors, swamp_mist_pool,
          chequers_serial_rivers_micro_e
Lair:3:   layout_misc_corridors, nicolae_spider_entry_non_spiders,
          nicolae_lair_liquid_snakes

Skill      XL: |  1  2  3  4  5  6  7  8  9 10 11 |
---------------+----------------------------------+-----
Stealth        | 3 4 5 |  5.1
Ice Magic      | 4 5 6 7 8 |  8.3
Spellcasting   | 3 4 6 8 9 |  9.7
Dodging        | 3 5 6 8 9 |  9.2
Unarmed Combat | 1 3 4 5 6 |  6.0
Fighting       | 1 3 2 5 6 |  6.6
Conjurations   | 1 3 5 |  5.9
Evocations     | 1 |  1.2
Earth Magic    | 3 4 5 7 8 |  8.0

Action                   |  1- 3 |  4- 6 |  7- 9 | 10-12 || total
-------------------------+-------+-------+-------+-------++-------
Melee: Unarmed           |    33 |    61 |    57 |     5 ||   156
       Bite              |     3 |     7 |     9 |     1 ||    20
       Punch             |     1 |       |     2 |     1 ||     4
 Cast: Freeze            |    43 |    13 |    68 |     3 ||   127
       Frozen Ramparts   |     8 |    21 |    43 |    29 ||   101
       Ozocubu's Armour  |     6 |     8 |    29 |    19 ||    62
       Sandblast         |       |       |    51 |    85 ||   136
       Stone Arrow       |       |       |    45 |    43 ||    88
       Hailstorm         |       |       |    11 |    12 ||    23
Evoke: Wand              |       |     1 |     5 |    12 ||    18
  Use: Scroll            |       |    12 |     3 |     8 ||    23
       Potion            |       |       |     3 |     5 ||     8
 Stab: Sleeping          |     8 |     6 |     2 |       ||    16
Armor: Skin              |     3 |    10 |    19 |    18 ||    50
Dodge: Dodged            |    46 |    56 |   167 |   134 ||   403

Table legend: (Time is in decaauts)
 A = Elapsed time spent in this place.
 B = Non-inter-level travel time spent in this place.
 C = Inter-level travel time spent in this place.
 D = Time resting spent in this place.
 E = Time spent auto-exploring this place.
 F = Levels seen in this place.
 G = Mean time per level.
                   A        B        C        D        E       F      G
               +--------+--------+--------+--------+--------+-----+--------+
         Total |  16730 |  15728 |   1002 |   7895 |   4020 |  14 | 1195.0 |
       Dungeon |  13533 |  12747 |    786 |   6361 |   3257 |   9 | 1503.7 |
        Temple |     55 |     55 |      0 |      0 |      0 |   1 |   55.0 |
          Lair |   2661 |   2446 |    215 |   1177 |    763 |   3 |  887.0 |
        Bailey |    479 |    479 |      0 |    357 |      0 |   1 |  479.0 |
               +--------+--------+--------+--------+--------+-----+--------+

Top non-repeatable levels by time:
     D:6: 2574 daAuts
     D:5: 1782 daAuts
     D:7: 1698 daAuts
  Lair:1: 1431 daAuts
     D:8: 1431 daAuts
     D:3: 1390 daAuts
     D:9: 1370 daAuts
     D:1: 1296 daAuts
  Lair:2: 1221 daAuts
     D:2: 1001 daAuts
     D:4: 988 daAuts
  Bailey: 479 daAuts
  Temple: 55 daAuts
  Lair:3: 8 daAuts
